 Dungeon Crawl Stone Soup version 0.27-a0-1188-g73eefd5def (webtiles) character file.

Game seed: 3694792283696702699

1 chippings the Sneak (level 1, 0/18 HPs)
             Began as a Demigod Delver on May 21, 2021.
             Slain by an orc
             ... wielding a +0 club
              (2 damage)
             ... on level 4 of the Dungeon.
             The game lasted 00:00:42 (64 turns).

chippings the Sneak (Demigod Delver)                  Turns: 64, Time: 00:00:43

Health: 0/18       AC:  3    Str: 13    XL:     1   Next: 13%
Magic:  3/3        EV: 11    Int: 12    God:
Gold:   0          SH:  0    Dex: 15    Spells: 0/0 levels left

rFire    . . .     SeeInvis .   a - +0 falchion
rCold    . . .     Faith    .   (no shield)
rNeg     . . .     Spirit   .   b - +0 leather armour
rPois    .         Reflect  .   (no helmet)
rElec    .         Harm     .   (no cloak)
rCorr    .         Rampage  .   (no gloves)
Will     .....                  (no boots)
Stlth    +++.......             (no amulet)
HPRegen  0.06/turn              (no ring)
MPRegen  0.08/turn              (no ring)

@: lethally poisoned (0 -> -3)
A: high mp 1, forlorn
a: no special abilities


You were on level 4 of the Dungeon.
You visited 1 branch of the dungeon, and saw 2 of its levels.

Inventory:

Hand Weapons
 a - a +0 falchion (weapon)
 e - a +3 rapier
Armour
 b - a +0 leather armour (worn)
Wands
 g - a wand of digging (3)
Scrolls
 c - a scroll of fog
 d - a scroll of magic mapping
Potions
 f - a potion of haste


   Skills:
 - Level 2.6 Fighting
 + Level 1.9 Long Blades
 - Level 1.7 Dodging
 - Level 4.5 Stealth


You couldn't memorise any spells.
You didn't know any spells.
Your spell library was empty.

Dungeon Overview and Level Annotations

Branches:
Dungeon (5/15)
 Temple: D:4-7


Innate Abilities, Weirdness & Mutations

Your attributes grow dramatically as you level up.
You have an increased reservoir of magic. (+10% MP)
You shall have no god before yourself.


Message History

The orc starts to cry.
The adder barely misses you. The adder closely misses you.
The orc seems to regain its courage.
The orc throws a boomerang.
The boomerang misses you. The adder bites you but does no damage.
Found a runed rapier.
The adder barely misses you.
You riposte.
You barely miss the adder.
The ball python bites you but does no damage.
The ball python grabs you. The ball python constricts you.
You escape the ball python's grasp.
Found a stone staircase leading down.
The orc seems to regain its courage.
The ball python seems to regain its courage.
The adder barely misses you.
You riposte.
You closely miss the adder. The adder bites you but does no damage.
You see here a +3 rapier.
e - a +3 rapier The adder closely misses you.
The ball python bites you. The ball python closely misses you.
Found 27 sling bullets.
The adder closely misses you. The ball python misses you.
You riposte.
You hit the ball python.
You kill the ball python!
The adder bites you. The adder bites you.
* * * LOW HITPOINT WARNING * * *
You are lethally poisoned!
The adder poisons you!
You hit the adder.
The adder is moderately wounded.
* * * LOW HITPOINT WARNING * * *
You feel sick. The adder barely misses you. The orc barely misses you.
The adder barely misses you.
You miss the adder.
The adder is moderately wounded.
* * * LOW HITPOINT WARNING * * *
You feel sick. The adder bites you but does no damage.
The orc hits you with a +0 club.
You die...

....#........#.....o.
........##............
................###.##
...........##...# ###
...........#...#
.(......†.######
##.#.o..## ###So.##
#@o.## ##.## ###


You could see an adder and 3 orcs.

Vanquished Creatures
  A ball python (D:4)
1 creature vanquished.

Notes
Turn   | Place    | Note
-------+----------+-------------------------------------------
     0 | D:5      | chippings the Demigod Delver began the quest for the Orb.
     0 | D:5      | Reached XP level 1. HP: 18/18 MP: 3/3
    11 | D:4      | Noticed a black bear
    11 | D:4      | Noticed a phantom
    64 | D:4      | Slain by an orc

Illustrated notes

Levels and vault maps discovered:
D:4:      layout_cave_pools, lemuel_blue_sif_altar, lemuel_old_faithful,
          uniq_duvessa
D:5:      layout_gridville, nicolae_overflow_crystal_walls, lemuel_round_altar,
          serial_park_tiny_2, minmay_misc_feat_enclosed, uniq_grinder

Action                   || total
-------------------------++-------
Melee: Falchion          ||     6
  Use: Scroll            ||     2
Armor: Leather armour    ||     8
Dodge: Dodged            ||    16
       Rpst.: Falchion   ||     4

Table legend: (Time is in decaauts)
 A = Elapsed time spent in this place.
 B = Non-inter-level travel time spent in this place.
 C = Inter-level travel time spent in this place.
 D = Time resting spent in this place.
 E = Time spent auto-exploring this place.
 F = Levels seen in this place.
 G = Mean time per level.
                   A        B        C        D        E       F      G
               +--------+--------+--------+--------+--------+-----+--------+
         Total |     65 |     65 |      0 |      0 |      0 |   2 |   32.5 |
       Dungeon |     65 |     65 |      0 |      0 |      0 |   2 |   32.5 |
               +--------+--------+--------+--------+--------+-----+--------+

Top non-repeatable levels by time:
     D:4: 50 daAuts
     D:5: 15 daAuts
